General information
- name: BNet
- type: Ladder team game (AT/RT)
- host: Battle.net
- saver: Warcr.aftIV2020
map: MarketSquare
- players: 8
- length: 66:02
- speed: Fast
- version: 1.26 W3XP
- replay type: Public
» download(297 KB)
Players
team 1 (loser)

»
RENELANDER (
purple | 40 APM | 1338 actions | 33:27)
3 Mountain King
2 Storm Bolt
1 Thunder Clap
7 Paladin
2 Divine Shield
2 Devotion Aura
3 Holy Light
» actions
| Basic commands | 22 | |
| Build / train | 92 | |
| ESC pressed | 7 | |
| Enter build submenu | 35 | |
| Enter hero's abilities submenu | 10 | |
| Right click | 632 | |
| Select / deselect | 421 | |
| Use ability | 119 | |
1338 total
» units
| Peasant | 22 | |
| Rifleman | 8 | |
| Gryphon Rider | 15 | |
| Knight | 1 | |
| Dragonhawk Rider | 8 | |
54 total
» upgrades
| Masonry | 4 | |
| Armor | 2 | |
| Lumber Harvesting | 1 | |
| Swords | 2 | |
| Animal War Training | 1 | |
| Storm Hammers | 2 | |
12 total
» buildings
| Altar of Kings | 1 | |
| Farm | 14 | |
| Blacksmith | 1 | |
| Barracks | 2 | |
| Scout Tower | 4 | |
| Arcane Tower | 2 | |
| Lumber Mill | 2 | |
| Town Hall | 2 | |
| Keep | 2 | |
| Arcane Vault | 1 | |
| Guard Tower | 1 | |
| Gryphon Aviary | 6 | |
| Castle | 1 | |
39 total
» build order
00:07 Altar of Kings
00:35 Farm
01:12 Blacksmith
01:37 Barracks
01:50 Scout Tower
01:56 Farm
02:20 Arcane Tower
02:29 Lumber Mill
02:36 Farm
03:01 Farm
03:15 Farm
03:21 Barracks
04:44 Town Hall
04:58 Scout Tower
05:03 Scout Tower
05:15 Keep
05:21 Lumber Mill
05:30 Arcane Vault
05:38 Guard Tower
05:44 Scout Tower
05:59 Farm
06:13 Arcane Tower
07:08 Farm
07:09 Keep
07:16 Farm
11:07 Gryphon Aviary
11:19 Gryphon Aviary
11:32 Farm
11:36 Castle
11:58 Gryphon Aviary
12:01 Gryphon Aviary
12:21 Farm
13:24 Farm
13:26 Farm
13:33 Farm
14:38 Gryphon Aviary
14:49 Farm
16:43 Gryphon Aviary
28:59 Town Hall
» items
| Scroll of Regeneration | 1 | |
| Orb of Fire | 1 | |
| Scroll of Town Portal | 3 | |
| Periapt of Vitality | 1 | |
| Circlet of Nobility | 1 | |
| Potion of Lesser Invulnerability | 1 | |
8 total
KAPERNECK-SUCKS (
red | 44 APM | 2568 actions | 58:02)
7 Archmage
3 Summon Water Elemental
3 Brilliance Aura
1 Mass Teleport
» actions
| Assign group hotkey | 78 | |
| Basic commands | 43 | |
| Build / train | 86 | |
| Enter build submenu | 21 | |
| Enter hero's abilities submenu | 7 | |
| Give item / drop item | 12 | |
| Remove unit from queue | 1 | |
| Right click | 1058 | |
| Select / deselect | 375 | |
| Select group hotkey | 683 | |
| Use ability | 203 | |
2568 total
» units
| Peasant | 18 | |
| Footman | 4 | |
| Gryphon Rider | 6 | |
| Dragonhawk Rider | 7 | |
| Sorceress | 2 | |
37 total
» upgrades
| Masonry | 2 | |
| Lumber Harvesting | 2 | |
| Cloud | 1 | |
| Storm Hammers | 1 | |
| Animal War Training | 1 | |
| Sorceress Training | 2 | |
| Magic Sentry | 1 | |
10 total
» buildings
| Barracks | 1 | |
| Altar of Kings | 1 | |
| Farm | 10 | |
| Lumber Mill | 1 | |
| Arcane Vault | 1 | |
| Town Hall | 2 | |
| Scout Tower | 22 | |
| Guard Tower | 9 | |
| Keep | 1 | |
| Castle | 1 | |
| Gryphon Aviary | 3 | |
| Blacksmith | 1 | |
| Arcane Sanctum | 1 | |
54 total
» build order
00:20 Barracks
00:23 Altar of Kings
00:39 Farm
00:55 Farm
01:38 Lumber Mill
01:41 Farm
02:08 Arcane Vault
03:53 Town Hall
04:04 Farm
04:08 Scout Tower
04:08 Scout Tower
04:10 Scout Tower
04:10 Scout Tower
04:11 Scout Tower
04:12 Scout Tower
04:13 Scout Tower
04:15 Scout Tower
04:55 Guard Tower
05:19 Guard Tower
05:47 Guard Tower
06:25 Keep
06:35 Guard Tower
06:54 Scout Tower
06:54 Scout Tower
06:55 Scout Tower
06:56 Scout Tower
06:58 Scout Tower
07:00 Scout Tower
07:00 Scout Tower
07:01 Scout Tower
07:56 Guard Tower
08:37 Guard Tower
09:37 Castle
09:38 Guard Tower
10:13 Gryphon Aviary
10:36 Gryphon Aviary
10:50 Farm
10:51 Farm
10:52 Farm
10:53 Farm
10:54 Farm
10:55 Farm
11:23 Gryphon Aviary
13:21 Blacksmith
14:50 Town Hall
14:53 Scout Tower
14:53 Scout Tower
14:53 Scout Tower
14:54 Scout Tower
16:11 Guard Tower
16:33 Guard Tower
17:00 Arcane Sanctum
» items
| Scroll of Regeneration | 9 | |
| Staff of Teleportation | 1 | |
| Potion of Lesser Invulnerability | 1 | |
| Staff of Sanctuary | 1 | |
| Orb of Fire | 1 | |
| Potion of Healing | 1 | |
| Potion of Mana | 2 | |
| Lesser Clarity Potion | 3 | |
19 total

»
Muerte (
yellow | 30 APM | 1968 actions | 66:01)
5 Dreadlord
2 Sleep
3 Vampiric Aura
3 Death Knight
2 Death Coil
1 Unholy Aura
3 Lich
2 Frost Nova
1 Frost Armor
» actions
| Basic commands | 1 | |
| Build / train | 105 | |
| Enter build submenu | 23 | |
| Enter hero's abilities submenu | 14 | |
| Remove unit from queue | 2 | |
| Right click | 1175 | |
| Select / deselect | 552 | |
| Use ability | 94 | |
1968 total
» units
| Acolyte | 5 | |
| Ghoul | 5 | |
| Crypt Fiend | 12 | |
| Obsidian Statue | 10 | |
| Knight | 4 | |
| Peasant | 12 | |
48 total
» upgrades
| Creature Attack | 3 | |
| Creature Carapace | 3 | |
| Burrow | 1 | |
| Masonry | 0 | |
| Lumber Harvesting | 2 | |
| Swords | 3 | |
| Plating | 2 | |
| Web | 1 | |
| Destroyer Form | 1 | |
| Armor | 1 | |
17 total
» buildings
| Altar of Darkness | 1 | |
| Ziggurat | 6 | |
| Crypt | 1 | |
| Graveyard | 1 | |
| Nerubian Tower | 9 | |
| Halls of the Dead | 4 | |
| Blacksmith | 1 | |
| Black Citadel | 2 | |
| Slaughterhouse | 1 | |
| Tomb of Relics | 1 | |
| Castle | 2 | |
| Farm | 5 | |
| Barracks | 1 | |
| Sacrificial Pit | 1 | |
| Necropolis | 1 | |
37 total
» build order
00:10 Altar of Darkness
00:14 Ziggurat
00:38 Crypt
01:01 Ziggurat
01:36 Graveyard
01:53 Nerubian Tower
01:53 Nerubian Tower
03:19 Halls of the Dead
03:20 Halls of the Dead
03:20 Halls of the Dead
03:44 Ziggurat
03:49 Ziggurat
06:27 Blacksmith
06:34 Black Citadel
06:34 Black Citadel
07:12 Slaughterhouse
07:20 Tomb of Relics
07:33 Ziggurat
07:59 Castle
07:59 Castle
08:08 Farm
08:10 Farm
08:12 Farm
09:39 Farm
11:06 Barracks
13:28 Farm
16:43 Nerubian Tower
19:59 Sacrificial Pit
20:02 Ziggurat
23:03 Nerubian Tower
24:24 Nerubian Tower
24:24 Nerubian Tower
26:11 Nerubian Tower
38:27 Necropolis
» items
| Potion of Healing | 1 | |
| Scroll of Healing | 2 | |
3 total

»
Dragonborn914 (
pink | 15 APM | 72 actions | 04:53)
1 Paladin
1 Holy Light
» actions
| Basic commands | 2 | |
| Build / train | 14 | |
| Enter build submenu | 8 | |
| Enter hero's abilities submenu | 1 | |
| Right click | 10 | |
| Select / deselect | 30 | |
| Use ability | 7 | |
72 total
» units
» buildings
| Altar of Kings | 1 | |
| Barracks | 1 | |
| Farm | 4 | |
| Arcane Vault | 1 | |
7 total
» build order
00:08 Altar of Kings
00:12 Barracks
00:17 Farm
01:33 Farm
02:20 Farm
02:58 Arcane Vault
04:23 Farm
team 2 (winner)
Sgt.Fluffy (
teal | 26 APM | 1614 actions | 61:11)
6 Paladin
2 Holy Light
3 Devotion Aura
1 Resurrection
» actions
| Assign group hotkey | 23 | |
| Basic commands | 83 | |
| Build / train | 90 | |
| ESC pressed | 10 | |
| Enter build submenu | 33 | |
| Enter hero's abilities submenu | 6 | |
| Remove unit from queue | 1 | |
| Right click | 871 | |
| Select / deselect | 356 | |
| Select group hotkey | 63 | |
| Use ability | 78 | |
1614 total
» units
| Peasant | 27 | |
| Footman | 16 | |
| Knight | 9 | |
| Rifleman | 12 | |
| Archer | 1 | |
65 total
» upgrades
| Swords | 2 | |
| Animal War Training | 1 | |
| Plating | 1 | |
| Long Rifles | 1 | |
| Gunpowder | 2 | |
| Armor | 1 | |
8 total
» buildings
| Farm | 14 | |
| Barracks | 3 | |
| Altar of Kings | 1 | |
| Scout Tower | 15 | |
| Arcane Tower | 1 | |
| Arcane Vault | 2 | |
| Lumber Mill | 1 | |
| Keep | 1 | |
| Town Hall | 3 | |
| Blacksmith | 1 | |
| Guard Tower | 6 | |
| Castle | 1 | |
49 total
» build order
00:13 Farm
00:24 Barracks
00:36 Altar of Kings
00:58 Scout Tower
01:11 Farm
01:51 Arcane Tower
02:19 Farm
02:20 Farm
02:35 Scout Tower
03:14 Arcane Vault
03:20 Lumber Mill
04:26 Barracks
04:34 Keep
05:53 Town Hall
06:38 Blacksmith
06:51 Farm
06:52 Farm
06:52 Farm
06:53 Farm
06:54 Farm
06:55 Farm
08:09 Farm
08:12 Scout Tower
08:14 Scout Tower
08:15 Scout Tower
08:54 Scout Tower
09:22 Guard Tower
09:25 Farm
09:26 Farm
09:27 Farm
09:45 Scout Tower
09:49 Scout Tower
09:50 Scout Tower
10:04 Guard Tower
10:30 Castle
11:35 Scout Tower
11:35 Scout Tower
11:37 Guard Tower
11:45 Arcane Vault
11:51 Scout Tower
11:53 Scout Tower
11:55 Scout Tower
11:57 Scout Tower
12:16 Town Hall
13:13 Guard Tower
13:15 Guard Tower
16:38 Guard Tower
20:58 Barracks
21:27 Town Hall
Warcr.aftIV2020 (
orange | 81 APM | 5324 actions | 66:02)
9 Archmage
3 Summon Water Elemental
3 Brilliance Aura
2 Blizzard
1 Mass Teleport
10 Mountain King
3 Storm Bolt
3 Thunder Clap
1 Avatar
3 Bash
» actions
| Assign group hotkey | 133 | |
| Basic commands | 318 | |
| Build / train | 220 | |
| ESC pressed | 28 | |
| Enter build submenu | 61 | |
| Enter hero's abilities submenu | 23 | |
| Give item / drop item | 24 | |
| Remove unit from queue | 2 | |
| Right click | 1532 | |
| Select / deselect | 738 | |
| Select group hotkey | 1779 | |
| Use ability | 466 | |
5324 total
» units
| Peasant | 39 | |
| Footman | 7 | |
| Gryphon Rider | 6 | |
| Dragonhawk Rider | 7 | |
| Siege Engine | 9 | |
| Knight | 2 | |
| Flying Machine | 4 | |
74 total
» upgrades
| Lumber Harvesting | 2 | |
| Swords | 3 | |
| Masonry | 3 | |
| Armor | 3 | |
| Animal War Training | 1 | |
| Storm Hammers | 1 | |
| Cloud | 1 | |
| Plating | 3 | |
| Gunpowder | 3 | |
| Barrage | 1 | |
| Fragmentation Shards | 1 | |
| Flare | 1 | |
| Flying Machine Bombs | 1 | |
| Flak Cannons | 1 | |
| Backpack | 1 | |
| Defend | 1 | |
| Long Rifles | 1 | |
28 total
» buildings
| Barracks | 1 | |
| Altar of Kings | 1 | |
| Farm | 10 | |
| Arcane Vault | 1 | |
| Town Hall | 7 | |
| Keep | 3 | |
| Lumber Mill | 1 | |
| Scout Tower | 21 | |
| Guard Tower | 28 | |
| Blacksmith | 1 | |
| Castle | 2 | |
| Gryphon Aviary | 8 | |
| Workshop | 6 | |
| Arcane Tower | 4 | |
94 total
» build order
01:12 Barracks
01:13 Altar of Kings
01:16 Farm
01:25 Farm
02:02 Farm
02:10 Arcane Vault
02:31 Farm
03:27 Farm
04:12 Town Hall
04:56 Keep
04:57 Keep
05:17 Lumber Mill
05:23 Scout Tower
05:24 Scout Tower
05:26 Scout Tower
06:20 Guard Tower
06:20 Guard Tower
06:22 Scout Tower
06:26 Scout Tower
06:53 Guard Tower
06:53 Guard Tower
07:05 Blacksmith
07:18 Guard Tower
07:19 Guard Tower
09:04 Castle
11:11 Scout Tower
11:12 Scout Tower
11:13 Scout Tower
11:15 Scout Tower
11:17 Scout Tower
11:18 Scout Tower
11:19 Scout Tower
11:20 Scout Tower
11:23 Town Hall
11:52 Guard Tower
11:53 Guard Tower
11:53 Guard Tower
12:09 Guard Tower
12:09 Guard Tower
12:12 Guard Tower
12:12 Guard Tower
13:21 Gryphon Aviary
13:23 Gryphon Aviary
15:12 Town Hall
18:03 Farm
18:04 Farm
21:23 Town Hall
21:25 Scout Tower
21:26 Scout Tower
21:26 Scout Tower
21:28 Scout Tower
21:28 Scout Tower
21:28 Scout Tower
21:29 Scout Tower
21:30 Scout Tower
22:14 Guard Tower
22:49 Guard Tower
24:20 Guard Tower
24:20 Guard Tower
25:11 Guard Tower
25:12 Guard Tower
31:53 Town Hall
33:41 Gryphon Aviary
33:42 Gryphon Aviary
33:44 Gryphon Aviary
36:15 Town Hall
36:49 Workshop
36:51 Workshop
36:52 Workshop
37:28 Farm
37:29 Farm
37:31 Farm
40:25 Workshop
40:57 Workshop
41:30 Workshop
42:39 Town Hall
47:48 Gryphon Aviary
47:51 Gryphon Aviary
47:53 Gryphon Aviary
57:44 Guard Tower
57:50 Arcane Tower
57:50 Arcane Tower
57:50 Arcane Tower
» items
| Scroll of Regeneration | 8 | |
| Mechanical Critter | 4 | |
| Tome of Retraining | 1 | |
| Potion of Invisibility | 1 | |
| Staff of Teleportation | 1 | |
| Lesser Clarity Potion | 1 | |
| Staff of Sanctuary | 1 | |
| Potion of Healing | 1 | |
| Boots of Speed | 1 | |
| Scroll of Town Portal | 3 | |
| Periapt of Vitality | 5 | |
27 total
OlBenFranklin (
blue | 31 APM | 2067 actions | 66:01)
10 Blademaster
3 Wind Walk
3 Critical Strike
1 Bladestorm
3 Mirror Image
» actions
| Assign group hotkey | 16 | |
| Basic commands | 54 | |
| Build / train | 53 | |
| Enter build submenu | 68 | |
| Enter hero's abilities submenu | 10 | |
| Give item / drop item | 15 | |
| Remove unit from queue | 1 | |
| Right click | 1111 | |
| Select / deselect | 306 | |
| Select group hotkey | 214 | |
| Use ability | 219 | |
2067 total
» units
| Peon | 24 | |
| Grunt | 4 | |
| Troll Witch Doctor | 3 | |
31 total
» upgrades
| Reinforced Defenses | 1 | |
| Witch Doctor Training | 0 | |
| Ranged Weapons | 1 | |
| Armor | 1 | |
3 total
» buildings
| Orc Burrow | 3 | |
| Altar of Storms | 1 | |
| Barracks | 1 | |
| Voodoo Lounge | 1 | |
| Stronghold | 1 | |
| War Mill | 1 | |
| Great Hall | 10 | |
| Watch Tower | 63 | |
| Fortress | 1 | |
| Spirit Lodge | 1 | |
83 total
» build order
00:17 Orc Burrow
01:15 Altar of Storms
01:16 Barracks
01:19 Orc Burrow
02:28 Voodoo Lounge
02:57 Stronghold
04:02 War Mill
04:29 Orc Burrow
05:21 Great Hall
05:35 Watch Tower
05:35 Watch Tower
05:36 Watch Tower
05:36 Watch Tower
07:19 Watch Tower
07:19 Watch Tower
07:20 Watch Tower
07:21 Watch Tower
08:23 Fortress
09:37 Watch Tower
09:38 Watch Tower
09:40 Watch Tower
10:44 Watch Tower
10:46 Watch Tower
10:47 Watch Tower
10:51 Watch Tower
10:52 Watch Tower
13:20 Spirit Lodge
17:47 Great Hall
17:49 Watch Tower
17:49 Watch Tower
17:49 Watch Tower
17:51 Watch Tower
17:51 Watch Tower
17:52 Watch Tower
17:55 Watch Tower
17:56 Watch Tower
17:57 Watch Tower
17:57 Watch Tower
18:10 Watch Tower
18:11 Watch Tower
18:11 Watch Tower
18:15 Watch Tower
18:15 Watch Tower
18:15 Watch Tower
18:17 Watch Tower
18:18 Watch Tower
18:20 Watch Tower
18:20 Watch Tower
18:20 Watch Tower
18:21 Watch Tower
18:22 Watch Tower
18:23 Watch Tower
26:43 Great Hall
26:47 Great Hall
26:51 Watch Tower
26:51 Watch Tower
26:51 Watch Tower
26:52 Watch Tower
26:52 Watch Tower
26:53 Watch Tower
26:54 Watch Tower
26:54 Watch Tower
26:55 Watch Tower
26:56 Watch Tower
35:20 Great Hall
35:30 Great Hall
36:14 Watch Tower
36:15 Watch Tower
36:15 Watch Tower
36:15 Watch Tower
36:18 Watch Tower
36:19 Watch Tower
36:31 Watch Tower
36:32 Watch Tower
36:33 Watch Tower
36:34 Watch Tower
36:37 Watch Tower
36:39 Watch Tower
36:39 Watch Tower
38:50 Great Hall
42:02 Great Hall
42:34 Great Hall
46:35 Great Hall
» items
| Healing Salve | 2 | |
| Boots of Speed | 1 | |
| Periapt of Vitality | 1 | |
| Potion of Healing | 1 | |
5 total

»
EnterTheLight (
green | 38 APM | 713 actions | 18:32)
5 Priestess of the Moon
3 Trueshot Aura
1 Scout
1 Searing Arrows
» actions
| Assign group hotkey | 5 | |
| Build / train | 60 | |
| Enter build submenu | 16 | |
| Enter hero's abilities submenu | 6 | |
| Remove unit from queue | 2 | |
| Right click | 292 | |
| Select / deselect | 303 | |
| Use ability | 29 | |
713 total
» units
| Wisp | 18 | |
| Archer | 14 | |
| Huntress | 2 | |
| Hippogryph | 8 | |
42 total
» upgrades
| Ultravision | 1 | |
| Strength of the Moon | 2 | |
| Moon Armor | 2 | |
| Improved Bows | 1 | |
| Hippogryph Taming | 1 | |
7 total
» buildings
| Altar of Elders | 1 | |
| Moon Well | 6 | |
| Ancient of War | 2 | |
| Hunter's Hall | 1 | |
| Ancient Protector | 1 | |
| Tree of Ages | 1 | |
| Ancient of Wind | 2 | |
| Ancient of Wonders | 1 | |
| Tree of Eternity | 1 | |
16 total
» build order
00:07 Altar of Elders
00:11 Moon Well
00:29 Ancient of War
01:59 Moon Well
02:32 Hunter's Hall
03:16 Moon Well
04:11 Moon Well
05:00 Ancient Protector
05:57 Moon Well
06:03 Tree of Ages
07:34 Ancient of War
09:38 Ancient of Wind
09:48 Ancient of Wind
10:37 Ancient of Wonders
10:45 Moon Well
15:57 Tree of Eternity
» items
Chat log
(00:08 / All) KAPERNECK-SUCKS: skyrim..........
(00:09 / Allies) Sgt.Fluffy: units?
(00:12 / All) OlBenFranklin: Pink hacker?
(00:17 / Allies) Sgt.Fluffy: ?
(00:20 / All) Dragonborn914: ya
(00:32 / All) Dragonborn914: ill use fush ro da on u and insta kill
(00:32 / All) Warcr.aftIV2020: Loadhacking, mhing trash
(00:49 / All) OlBenFranklin: Dragon Reborn > Dragonborn
(00:50 / All) Sgt.Fluffy: I maphack
(00:54 / All) Sgt.Fluffy: whosyourdaddy
(01:04 / All) Sgt.Fluffy: greedisgood 99999
(01:06 / All) Dragonborn914: wat does that drafon thing mean
(01:32 / All) OlBenFranklin: Rand Al'Thor would mop the floor with the dragonborn
(01:41 / All) OlBenFranklin: He's like high fantasy's superman
(01:43 / All) Dragonborn914: WHAT
(01:52 / All) Dragonborn914: IM GONNA FUCKEN FUSHRODA UR ASS
(01:56 / All) OlBenFranklin: Never read Wheel of Time?
(01:57 / All) KAPERNECK-SUCKS: ololz
(02:01 / All) Sgt.Fluffy: READY FOR ACTION
(02:05 / All) Sgt.Fluffy: READY FOR ACTION
(02:07 / All) OlBenFranklin: I read the first 8 in 8th grade
(02:08 / All) OlBenFranklin: well
(02:11 / All) Sgt.Fluffy: READY 4 ACTION
(02:13 / All) OlBenFranklin: first 7, I stopped reading on the 8th
(02:16 / All) OlBenFranklin: fucking trash books
(02:43 / All) OlBenFranklin: That's the biggest black ass I've ever seen and I LIKE IT I LIKE IT
(02:53 / All) OlBenFranklin: That's the biggest black ass I've ever seen and I LIKE IT I LIKE IT A LOT!
(03:01 / All) Sgt.Fluffy: ok
(03:55 / All) Dragonborn914: lol k
(04:05 / All) Dragonborn914: guys gonna go skype my girl friend
(04:11 / All) Sgt.Fluffy: NO
(04:13 / All) Sgt.Fluffy: WE NEED YOU
(04:17 / All) Dragonborn914: lol
(04:18 / All) Warcr.aftIV2020: You sure it isn't a he using a voice program?
(04:20 / All) Sgt.Fluffy: wait
(04:21 / All) Sgt.Fluffy: nvm
(04:22 / All) Sgt.Fluffy: go away
(04:26 / All) Dragonborn914: ay lik wtf
(04:31 / All) Dragonborn914: teal ill stay lol
(04:36 / All) Sgt.Fluffy: :(
(04:47 / All) Dragonborn914: k gonna go may the force be with u all... FUSH RO DAAAAAAAAAAAAAAA
(05:02 / Allies) OlBenFranklin: forgot meh peon
(05:12 / All) KAPERNECK-SUCKS: maybe he indeed has a gf
(07:54 / Allies) Sgt.Fluffy: anyone got spare wood?
(09:38 / Allies) Sgt.Fluffy: shiet
(09:39 / Allies) Sgt.Fluffy: halp
(11:02 / Allies) Sgt.Fluffy: ty for the help
(11:03 / Allies) Sgt.Fluffy: :(
(11:19 / Allies) OlBenFranklin: I got bigger fish to fry
(12:20 / Allies) Sgt.Fluffy: cancekl
(12:22 / Allies) Sgt.Fluffy: cancel
(12:43 / Allies) Sgt.Fluffy: shit
(15:03 / Allies) Sgt.Fluffy: focus riflemen
(15:43 / Allies) Sgt.Fluffy: wow
(15:47 / Allies) Sgt.Fluffy: you're kidding me
(15:55 / Allies) Warcr.aftIV2020: Useless team
(16:01 / Allies) Sgt.Fluffy: this is possibly the unluckiest expo spot
(16:05 / Allies) Sgt.Fluffy: in the world
(16:20 / Allies) Warcr.aftIV2020: wtf is green doing
(16:28 / Allies) Sgt.Fluffy: if someone had helped me defend my expo the first time I wouldn't have had to rebuild and wouldn't be late on knights >_<
(16:47 / Allies) OlBenFranklin: It's no biggie you're not that important to me anyway
(16:48 / Allies) EnterTheLight: this isnt my fault
(16:53 / Allies) EnterTheLight: blue has no fucking units
(16:58 / Allies) Sgt.Fluffy: it's okay
(16:59 / Allies) Sgt.Fluffy: we can recover
(17:04 / Allies) Sgt.Fluffy: yeah blue
(17:05 / Allies) Sgt.Fluffy: get shit
(17:10 / Allies) Sgt.Fluffy: you have 8000 gold
(17:13 / Allies) Sgt.Fluffy: you jew
(17:16 / Allies) OlBenFranklin: Tell me something I don't know
(17:22 / Allies) Sgt.Fluffy: you're a bad player
(17:24 / Allies) Sgt.Fluffy: :/
(17:38 / Allies) Warcr.aftIV2020: They're gonna counter at my base
(17:45 / Allies) Sgt.Fluffy: k coming]
(18:06 / Allies) OlBenFranklin: wjheres' the towers
(18:15 / Allies) EnterTheLight: gg
(18:17 / Allies) Warcr.aftIV2020: Had no wood son
(18:54 / Allies) Sgt.Fluffy: who has aa
(19:28 / Allies) Sgt.Fluffy: shit
(19:30 / Allies) Sgt.Fluffy: we really need aa
(19:33 / All) OlBenFranklin: Who is the ringleader on yoru squad?
(20:05 / Allies) Warcr.aftIV2020: kill that aco
(20:32 / Allies) Warcr.aftIV2020: ty pink
(20:35 / Allies) Sgt.Fluffy: np
(20:37 / Allies) Sgt.Fluffy: 7wait wat
(20:40 / Allies) Sgt.Fluffy: teal
(20:44 / Allies) Sgt.Fluffy: i'm teal
(20:45 / Allies) Sgt.Fluffy: D:
(20:52 / Allies) Sgt.Fluffy: ty
(21:33 / All) OlBenFranklin: I don't love you 4ever
(21:42 / All) OlBenFranklin: because I love you 5ever, that's one more than 4ever
(22:39 / Allies) OlBenFranklin: oh green left lawl
(22:46 / Allies) Sgt.Fluffy: yeah
(22:47 / Allies) Sgt.Fluffy: a while back
(22:55 / Allies) OlBenFranklin: I thought another on their team left
(23:10 / Allies) Warcr.aftIV2020: wood
(24:07 / All) Sgt.Fluffy: :D
(24:17 / All) OlBenFranklin: You went to the wrong spot
(25:14 / Allies) Sgt.Fluffy: anyone have extra gold/
(25:16 / Allies) Sgt.Fluffy: ?
(25:17 / All) KAPERNECK-SUCKS: who took bot right creeps? i dont remember an item dropping
(25:31 / Allies) Warcr.aftIV2020: I sure don't
(26:11 / All) KAPERNECK-SUCKS: purp caleled me a retard
(26:17 / All) KAPERNECK-SUCKS: for 0/0 units
(27:24 / All) KAPERNECK-SUCKS: why didn't yellow's tp make his hero vulnerable, guys?
(27:32 / All) KAPERNECK-SUCKS: invulnerable
(27:33 / All) KAPERNECK-SUCKS: i mean
(27:42 / All) KAPERNECK-SUCKS: glitch?
(27:45 / All) Warcr.aftIV2020: Noobs have noob tps
(27:47 / All) Sgt.Fluffy: iunno
(27:49 / All) Warcr.aftIV2020: His tp doesn't work
(27:54 / All) Sgt.Fluffy: lol
(27:56 / All) Warcr.aftIV2020: does that when you get to a low enough skill level to punish you
(28:24 / All) Sgt.Fluffy: red fuck off with your birds
(28:31 / All) Sgt.Fluffy: go hit some other base
(28:31 / All) Sgt.Fluffy: :(
(28:53 / All) OlBenFranklin: As soon as you leave the middle. You die.
(28:54 / All) KAPERNECK-SUCKS: my apologies, seargant
(29:02 / All) Sgt.Fluffy: lol
(29:27 / All) KAPERNECK-SUCKS: dat micro
(29:58 / All) Muerte: res is noob
(30:02 / All) Muerte: 20 k
(30:03 / All) Muerte: gold
(30:04 / All) KAPERNECK-SUCKS: lol
(30:09 / All) KAPERNECK-SUCKS: i didnt even realize i had 20k
(31:02 / All) KAPERNECK-SUCKS: i am not noob yellow!
(31:34 / Allies) Sgt.Fluffy: you should build a town hall
(31:36 / Allies) Sgt.Fluffy: just to troll
(31:58 / Allies) Sgt.Fluffy: lol
(32:29 / All) RENELANDER: ENJOY RED
(32:34 / All) RENELANDER: FUCKING NOOB RETARD
(32:41 / All) KAPERNECK-SUCKS: what
(32:41 / All) Sgt.Fluffy: ok
(33:24 / All) Sgt.Fluffy: this farm is perhaps the strongest enemy I've faced today
(33:31 / All) Sgt.Fluffy: motherfucking super-farm
(34:23 / All) Sgt.Fluffy: blue is like cancer
(34:27 / All) Sgt.Fluffy: he's slowly taking over the entire map
(34:29 / All) Sgt.Fluffy: @_@
(34:31 / All) KAPERNECK-SUCKS: yellow, what does beaner mean
(34:37 / All) Sgt.Fluffy: mexican
(35:38 / Allies) Warcr.aftIV2020: wood
(35:50 / All) KAPERNECK-SUCKS: how much gold u got blue
(35:59 / Allies) Warcr.aftIV2020: You have 1.8k wood me
(36:02 / All) OlBenFranklin: 2k
(36:12 / All) Sgt.Fluffy: lol
(36:12 / All) KAPERNECK-SUCKS: + 40?
(37:22 / All) Sgt.Fluffy: so many towers red
(37:31 / All) Sgt.Fluffy: do u liek towers?
(37:33 / All) KAPERNECK-SUCKS: u are correct fluffy
(37:43 / Allies) Warcr.aftIV2020: there's 400 gold in that mine lawl
(37:46 / Allies) Warcr.aftIV2020: that is a loss
(37:52 / Allies) OlBenFranklin: ;aw;
(37:54 / Allies) OlBenFranklin: lalw
(37:55 / Allies) OlBenFranklin: oops
(38:05 / Allies) Warcr.aftIV2020: if you just had the hall it would have paid like 30 gold
(38:09 / Allies) Warcr.aftIV2020: but all the towers made it cost more
(38:24 / All) Sgt.Fluffy: lel
(38:27 / Allies) Sgt.Fluffy: ty blue
(38:36 / All) KAPERNECK-SUCKS: perhaps not the smartest decision
(38:45 / All) OlBenFranklin: I figured he didn't have it that long so I didn't think he almost drained it
(38:49 / All) Sgt.Fluffy: wat
(38:57 / All) Warcr.aftIV2020: Bad idea purple
(38:59 / All) Sgt.Fluffy: alrighty then
(39:09 / All) Sgt.Fluffy: plz don't tp another mage
(39:18 / All) KAPERNECK-SUCKS: y not
(39:27 / All) Sgt.Fluffy: cuz
(39:31 / All) Sgt.Fluffy: i'm allergic to horses
(40:23 / Allies) Sgt.Fluffy: altar
(40:29 / Allies) Sgt.Fluffy: lol
(40:33 / Allies) Sgt.Fluffy: camp the altar
(40:33 / Allies) Sgt.Fluffy: xD
(40:59 / Allies) OlBenFranklin: He prob pooped his pants
(41:03 / All) KAPERNECK-SUCKS: ow
(41:09 / All) OlBenFranklin: did you mean to drop your tp
(41:16 / All) Warcr.aftIV2020: I have an inferno stone, amulet of the wild and ice shard
(41:16 / All) KAPERNECK-SUCKS: i duno how
(41:44 / All) Warcr.aftIV2020: Almost 2 level 10 heroes
(42:01 / All) Sgt.Fluffy: so much expo cancer
(42:02 / All) Sgt.Fluffy: D:
(42:22 / Allies) Warcr.aftIV2020: I was sending peons there
(42:27 / Allies) OlBenFranklin: I already was lawl
(42:44 / Allies) OlBenFranklin: You tped on top of meh
(42:51 / Allies) OlBenFranklin: ]when he was already goin'
(42:52 / All) KAPERNECK-SUCKS: last year there was this smoking hot teenager girl on jeopardy
(43:00 / All) KAPERNECK-SUCKS: she was perfect and i do mean perfect
(43:12 / All) OlBenFranklin: I saw one at McDonalds today
(43:13 / All) Sgt.Fluffy: WHY BLUE WHY
(43:23 / All) OlBenFranklin: She was with her mom
(43:43 / All) Sgt.Fluffy: MY DWARVES
(43:48 / All) Sgt.Fluffy: ARE THE LAST OF THEIR KIND\|YOU RAGING HOMO SLUT
(44:03 / All) KAPERNECK-SUCKS: there is a dwarf trainer on buffalo bills
(44:05 / All) Warcr.aftIV2020: Not often you see those summons working together
(44:07 / All) KAPERNECK-SUCKS: it is quite funny
(44:24 / All) KAPERNECK-SUCKS: u see a bunch of criminal 6'6 tall and then a 3 food guy
(44:28 / All) Warcr.aftIV2020: Bet they can clear this themselves
(44:43 / All) Warcr.aftIV2020: It has no animation when it does the stomp
(45:22 / All) Warcr.aftIV2020: Still no level 10 damn
(45:44 / Allies) Sgt.Fluffy: oh\
(45:46 / Allies) Sgt.Fluffy: oj
(45:48 / Allies) Sgt.Fluffy: can I have sum gold
(45:49 / Allies) Sgt.Fluffy: :(
(46:37 / All) Sgt.Fluffy: red tell these jews to give me some gold :(
(46:46 / All) KAPERNECK-SUCKS: give him gold jews
(46:50 / All) Warcr.aftIV2020: 2 LEVEl 10S!
(46:51 / All) Sgt.Fluffy: give me gold jews
(47:59 / Allies) OlBenFranklin: lawl
(48:08 / Allies) OlBenFranklin: we're both sending peons from far away to that mine
(48:23 / Allies) Warcr.aftIV2020: Long distance mining is a pro strategy
(49:15 / All) Warcr.aftIV2020: You can artificially raise your food of units made on the score screen by queueing them to make then cancelling them all
(49:22 / All) Warcr.aftIV2020: I have not gone over 50 food but shall have an excellent 100 food score
(50:04 / All) KAPERNECK-SUCKS: just realized we can do a standoff
(50:07 / All) Sgt.Fluffy: back
(50:17 / All) KAPERNECK-SUCKS: teal,
(50:21 / All) Sgt.Fluffy: you jews are really inefficient at finishing games
(50:23 / All) Sgt.Fluffy: D:
(50:23 / All) KAPERNECK-SUCKS: may i propose a question to u
(50:26 / All) Sgt.Fluffy: hi red
(50:28 / All) Sgt.Fluffy: sure
(50:34 / All) KAPERNECK-SUCKS: would you be willing to leave your computer on all night
(50:40 / All) Sgt.Fluffy: ya
(50:42 / All) Sgt.Fluffy: why?
(50:43 / All) KAPERNECK-SUCKS: and internet
(50:46 / All) Sgt.Fluffy: ya
(50:49 / All) Sgt.Fluffy: I have unlimited
(51:00 / All) KAPERNECK-SUCKS: me blue orange are friends, we're gonna kill all buildings and units, including our own, and leave one buiding
(51:02 / All) KAPERNECK-SUCKS: then leave
(51:06 / All) KAPERNECK-SUCKS: so u have a chance
(51:06 / All) Warcr.aftIV2020: 2125 HP mountain king with ring of regeneration
(51:08 / All) Sgt.Fluffy: lol
(51:12 / All) KAPERNECK-SUCKS: to outlast yellow
(51:16 / All) KAPERNECK-SUCKS: dont let yellow win hes a spic
(51:25 / All) Sgt.Fluffy: yellow was a pretty nice guy
(51:32 / All) Sgt.Fluffy: iunno
(51:37 / All) Sgt.Fluffy: gonna go shower and then see what I want to do
(51:52 / All) Sgt.Fluffy: also red these jews are going to peasant spam you
(52:03 / Allies) OlBenFranklin: If you leave we'll let yellow win
(52:10 / Allies) Sgt.Fluffy: k
(52:13 / All) OlBenFranklin: If teal leaves we'll let yellow win
(52:21 / All) Sgt.Fluffy: you just said that in allies
(52:22 / All) Sgt.Fluffy: :<
(52:52 / All) KAPERNECK-SUCKS: teal
(52:56 / All) KAPERNECK-SUCKS: this is a matter of pride
(52:59 / All) KAPERNECK-SUCKS: dont let the spic win
(53:06 / All) KAPERNECK-SUCKS: this is for the pride of us caucasians
(54:45 / Allies) OlBenFranklin: Spend it wisely, teal
(54:51 / All) Warcr.aftIV2020: Unable to create units due to maximum food limit?
(55:00 / All) Warcr.aftIV2020: I thought for a second this was BW
(55:27 / All) KAPERNECK-SUCKS: one day we should leave one building
(55:29 / All) KAPERNECK-SUCKS: i mean
(55:37 / All) KAPERNECK-SUCKS: a shit ton of towers and one small damag eunit
(55:39 / All) Warcr.aftIV2020: Let's see how fast this hall dies
(55:41 / All) KAPERNECK-SUCKS: like a sorc or priest
(55:58 / All) Warcr.aftIV2020: 2 rounds of attacks
(56:37 / All) Warcr.aftIV2020: This is an army if I've ever seen one
(57:23 / All) KAPERNECK-SUCKS: may i leave
(57:29 / All) KAPERNECK-SUCKS: gonna watch jeopardy
(57:44 / All) OlBenFranklin: It's your prerogative
(57:55 / All) KAPERNECK-SUCKS: teal, do not let the spic win
(57:58 / All) KAPERNECK-SUCKS: this is ur task
(58:35 / All) Sgt.Fluffy: back for a bit
(58:42 / Allies) Sgt.Fluffy: red left?
(58:48 / All) OlBenFranklin: What are you going to spend your gold on teal?
(58:53 / All) Warcr.aftIV2020: I gave teal 30,000 more gold
(59:10 / All) OlBenFranklin: 80,000 gold and no way to spend it
(59:17 / All) OlBenFranklin: The ultimate Warcraft blue balls
(59:41 / Allies) Sgt.Fluffy: I'd give it back
(59:45 / Allies) Sgt.Fluffy: but that'd take too much time
(60:03 / Allies) Sgt.Fluffy: k
(60:04 / Allies) Sgt.Fluffy: bye
(60:23 / All) Warcr.aftIV2020: If you are going to go then get the fuck out
(60:32 / Allies) Sgt.Fluffy: you seem angry
(60:36 / Allies) Sgt.Fluffy: and why are you typing in all?
(60:38 / All) Warcr.aftIV2020: Nay not at all
(60:58 / Allies) Sgt.Fluffy: you haven't answered
(60:59 / All) Warcr.aftIV2020: I feel remorse as well for growing up I had a cat named Fluffy and I am now giving you a loss
(61:01 / Allies) Sgt.Fluffy: when you do, I'll leave
(61:07 / Allies) Sgt.Fluffy: ok
(61:09 / All) Warcr.aftIV2020: Just because
(61:11 / All) Warcr.aftIV2020: I like all chat
(61:34 / Allies) OlBenFranklin: Teal 94k gold
(61:35 / All) Warcr.aftIV2020: This base is going to go down faster than any base has gone down
(61:42 / Allies) OlBenFranklin: I wonder if we can get it to 100k
(61:50 / All) Warcr.aftIV2020: Gave him my last 2k
(61:58 / Allies) OlBenFranklin: 4k to go
(61:59 / All) Warcr.aftIV2020: There isn't enough on the map left to do that
(62:02 / All) Warcr.aftIV2020: at least that we have
(62:07 / Allies) OlBenFranklin: Items to sell
(62:50 / Allies) OlBenFranklin: sell items
(62:56 / All) Warcr.aftIV2020: I only got about 700 more gold
(62:59 / All) Warcr.aftIV2020: I'm in high upkeep
(63:29 / Allies) OlBenFranklin: 2k to go
(63:29 / All) Warcr.aftIV2020: You have 1.2k give him it and we'll be at 99k
(63:44 / Allies) OlBenFranklin: it's at about 98k from it
(64:45 / All) Warcr.aftIV2020: Oh I had a gyro I could cancel
(64:48 / All) Warcr.aftIV2020: 90 more gold now
(65:18 / Allies) Warcr.aftIV2020: There was a shop here
(65:41 / Allies) OlBenFranklin: We did eht I think
(65:42 / All) Warcr.aftIV2020: There we go
(65:57 / Allies) OlBenFranklin: 100k lawl too bad he didn't stay for it